[Event "New York Summer IM-C 2022"]
[Site "New York"]
[Date "2022.07.09"]
[Round "4.5"]
[White "Le, Nguyen Khoi Nguyen"]
[Black "Hardaway, Brewington"]
[Result "1/2-1/2"]
[ECO "B41"]
[WhiteElo "2001"]
[BlackElo "2175"]
[Annotator "RC"]
[PlyCount "111"]
[EventDate "2022.07.08"]
[EventType "tourn"]
[EventCountry "USA"]
[SourceTitle "playchess.com"]
[Source "ChessBase"]
[SourceQuality "1"]
[TimeControl "5400+30"]

1. e4 c5 2. Nf3 e6 3. d4 cxd4 4. Nxd4 a6 5. c4 Nf6 6. Nc3 Qc7 7. Qd3 Bb4 8. Nc2 Be7 9. Qg3 Qxg3 10. hxg3 Nc6 11. Be2 O-O 12. Be3 d6 13. O-O-O h6 14. f4 Nh7 15. Bb6 Nf6 16. g4 e5 17. f5 Bd7 18. Be3 Rfc8 19. g5 hxg5 20. Bxg5 Nd5 21. Nxd5 Bxg5+ 22. Kb1 Ne7 23. Nb6 Bc6 24. Nxa8 Rxa8 25. Bf3 Rd8 26. Rh5 f6 27. g4 a5 28. Rh3 Kf7 29. b3 b6 30. a3 Rd7 31. Kb2 Rd8 32. Bg2 Rd7 33. b4 Ba4 34. Bf1 Nc6 35. c5 bxc5 36. Bc4+ Ke7 37. bxc5 dxc5 38. Rxd7+ Kxd7 39. Rh7 Bh6 40. g5 Bxg5 41. Rxg7+ Kd6 42. Ne1 Nd4 43. Kc3 Bh4 44. Ng2 Bg5 45. Ra7 Nc6 46. Rf7 Nd4 47. Bd3 Bd7 48. Rh7 Bc6 49. Nh4 c4 50. Bxc4 Bxe4 51. Bd3 Bxd3 52. Kxd3 Kd5 53. Rd7+ Kc6 54. Rh7 Kd5 55. Rd7+ Kc6 56. Rh7 1/2-1/2

[Event "New York Summer IM-C 2022"]
[Site "New York"]
[Date "2022.07.10"]
[Round "5.1"]
[White "Hardaway, Brewington"]
[Black "Huston, Gus"]
[Result "0-1"]
[ECO "C50"]
[WhiteElo "2175"]
[BlackElo "2282"]
[Annotator "RC"]
[PlyCount "66"]
[EventDate "2022.07.08"]
[EventType "tourn"]
[EventCountry "USA"]
[SourceTitle "playchess.com"]
[Source "ChessBase"]
[SourceQuality "1"]
[TimeControl "5400+30"]

1. e4 e5 2. Nf3 Nc6 3. Bc4 Bc5 4. d3 Nf6 5. O-O d6 6. Bg5 h6 7. Bh4 Na5 8. Nbd2 Nxc4 9. Nxc4 Be6 10. Ne3 g5 11. Bg3 a6 12. c3 Ba7 13. Qc2 Nh5 14. d4 f6 15. Rfd1 Qe7 16. b4 O-O 17. c4 a5 18. b5 Qf7 19. Rac1 Ng7 20. h3 f5 21. exf5 Nxf5 22. Nxf5 Bxf5 23. Qc3 exd4 24. Nxd4 Bg6 25. h4 Qf6 26. hxg5 hxg5 27. Qf3 Qxd4 28. Qxb7 Qf6 29. Rd2 Qf7 30. a4 Bc5 31. Rf1 Rae8 32. Rd5 Be4 33. Rxg5+ Kh7 0-1

[Event "New York Summer IM-C 2022"]
[Site "New York"]
[Date "2022.07.10"]
[Round "5.2"]
[White "Adewumi, Tanitoluwa"]
[Black "Le, Nguyen Khoi Nguyen"]
[Result "1-0"]
[ECO "B51"]
[WhiteElo "2309"]
[BlackElo "2001"]
[Annotator "RC"]
[PlyCount "47"]
[EventDate "2022.07.08"]
[EventType "tourn"]
[EventCountry "USA"]
[SourceTitle "playchess.com"]
[Source "ChessBase"]
[SourceQuality "1"]
[TimeControl "5400+30"]

1. e4 c5 2. Nf3 d6 3. Bb5+ Nd7 4. c3 Ngf6 5. Bd3 Ne5 6. Be2 Ng6 7. h4 e6 8. h5 Ne7 9. d3 h6 10. Be3 Qc7 11. Nbd2 Bd7 12. Rc1 Bc6 13. b4 b6 14. Qc2 Qb7 15. Nc4 Nc8 16. bxc5 d5 17. exd5 exd5 18. Nce5 bxc5 19. Rb1 Qc7 20. Nxc6 Qxc6 21. Ne5 Qa6 22. d4 c4 23. Nxc4 dxc4 24. Bf3 1-0

[Event "New York Summer IM-C 2022"]
[Site "New York"]
[Date "2022.07.10"]
[Round "5.3"]
[White "Nakada, Akira"]
[Black "Bortnyk, Mykola"]
[Result "1/2-1/2"]
[ECO "D45"]
[WhiteElo "2297"]
[BlackElo "2463"]
[Annotator "RC"]
[PlyCount "134"]
[EventDate "2022.07.08"]
[EventType "tourn"]
[EventCountry "USA"]
[SourceTitle "playchess.com"]
[Source "ChessBase"]
[SourceQuality "1"]
[TimeControl "5400+30"]

1. c4 c6 2. Nf3 d5 3. e3 Nf6 4. Nc3 Nbd7 5. d4 e6 6. Qc2 Bd6 7. b3 O-O 8. Bb2 Re8 9. Be2 dxc4 10. bxc4 e5 11. O-O exd4 12. exd4 Nf8 13. h3 Ng6 14. Rfe1 Be6 15. Ng5 Bd7 16. Bd3 Qc7 17. Nce4 Nxe4 18. Nxe4 Bb4 19. Re3 f5 20. Nd2 Rxe3 21. fxe3 Re8 22. Nf1 f4 23. c5 Ba5 24. Bxg6 hxg6 25. Qxg6 Rf8 26. e4 f3 27. d5 f2+ 28. Kh1 Be8 29. Qg5 cxd5 30. exd5 Bb5 31. c6 bxc6 32. dxc6 Be2 33. Qd5+ Rf7 34. Be5 Qd8 35. Qxd8+ Bxd8 36. Rc1 Bc7 37. Bxc7 Rxc7 38. Kh2 Bxf1 39. Rxf1 Rxc6 40. Rxf2 Ra6 41. Kg3 Ra4 42. Kf3 Kf7 43. Ke3+ Ke6 44. Kd3 g5 45. Rb2 g4 46. hxg4 Rxg4 47. Ke3 Ra4 48. Kf3 Kf5 49. Kg3 Kg5 50. Kh3 Rh4+ 51. Kg3 Ra4 52. Rc2 Rg4+ 53. Kf3 Ra4 54. Rd2 Kf5 55. Kg3 Kg5 56. Rf2 Ra3+ 57. Kh2 Kg4 58. Rb2 Ra4 59. Kg1 Kf4 60. Kf2 Ra3 61. Ke2 Ke4 62. Kd2 Rg3 63. Kc1 Rc3+ 64. Rc2 Rg3 65. Rd2 Rc3+ 66. Kb2 Rg3 67. a4 a5 1/2-1/2

[Event "New York Summer IM-C 2022"]
[Site "New York"]
[Date "2022.07.10"]
[Round "5.4"]
[White "Martin Del Campo Cardenas, Roberto Abel"]
[Black "Poliannikov, Danila"]
[Result "1-0"]
[ECO "C81"]
[WhiteElo "2245"]
[BlackElo "2309"]
[Annotator "RC"]
[PlyCount "77"]
[EventDate "2022.07.08"]
[EventType "tourn"]
[EventCountry "USA"]
[SourceTitle "playchess.com"]
[Source "ChessBase"]
[SourceQuality "1"]
[TimeControl "5400+30"]

1. e4 e5 2. Nf3 Nc6 3. Bb5 a6 4. Ba4 Nf6 5. O-O Nxe4 6. d4 b5 7. Bb3 d5 8. dxe5 Be6 9. Nbd2 Bc5 10. Qe2 Bf5 11. a4 Rb8 12. axb5 axb5 13. Nxe4 Bxe4 14. Be3 Bxe3 15. Qxe3 O-O 16. Ng5 Bg6 17. e6 f6 18. e7 Nxe7 19. Ne6 Qd6 20. Nxf8 Kxf8 21. Qa7 Qb6 22. Rfe1 Qxa7 23. Rxa7 Rc8 24. c3 Bf7 25. Bc2 Be8 26. b4 g6 27. f4 Kf7 28. Bd3 Bd7 29. Kf2 Nc6 30. Rb7 Nd8 31. Bxb5 Nxb7 32. Bxd7 Rd8 33. Bc6 Nd6 34. Bxd5+ Kf8 35. Re6 Ne8 36. c4 Rb8 37. b5 Rb6 38. Rxb6 cxb6 39. c5 1-0

[Event "New York Summer IM-C 2022"]
[Site "New York"]
[Date "2022.07.10"]
[Round "5.5"]
[White "Asavasaetakul, Chawit"]
[Black "Rozman, Levy"]
[Result "1/2-1/2"]
[ECO "D02"]
[WhiteElo "1948"]
[BlackElo "2333"]
[Annotator "RC"]
[PlyCount "84"]
[EventDate "2022.07.08"]
[EventType "tourn"]
[EventCountry "USA"]
[SourceTitle "playchess.com"]
[Source "ChessBase"]
[SourceQuality "1"]
[TimeControl "5400+30"]

1. d4 d5 2. Nf3 c5 3. c3 Nf6 4. dxc5 e6 5. b4 a5 6. e3 axb4 7. cxb4 b6 8. Bb5+ Bd7 9. Bxd7+ Nbxd7 10. a4 bxc5 11. b5 Bd6 12. Bb2 g5 13. e4 g4 14. Nfd2 Qc7 15. Qe2 Rg8 16. g3 Be5 17. Bxe5 Nxe5 18. exd5 Nf3+ 19. Nxf3 gxf3 20. d6 Qxd6 21. Qxf3 Qe5+ 22. Kf1 Ne4 23. Kg2 Qxa1 24. Qxe4 Qxa4 25. Qc6+ Ke7 26. Qxc5+ Kf6 27. Nc3 Qg4 28. Re1 Qf5 29. Qd4+ Kg6 30. Re5 Rad8 31. Qc5 Qc2 32. Rg5+ Kh6 33. h4 f6 34. Rxg8 Rxg8 35. b6 Qb3 36. Qc7 Rg4 37. Qc5 e5 38. Qf8+ Kg6 39. Qc8 h5 40. b7 Rb4 41. Qe8+ Kg7 42. Qe7+ Kg6 1/2-1/2

[Event "New York Summer IM-C 2022"]
[Site "New York"]
[Date "2022.07.10"]
[Round "6.1"]
[White "Huston, Gus"]
[Black "Rozman, Levy"]
[Result "1-0"]
[ECO "C07"]
[WhiteElo "2282"]
[BlackElo "2333"]
[Annotator "RC"]
[PlyCount "83"]
[EventDate "2022.07.08"]
[EventType "tourn"]
[EventCountry "USA"]
[SourceTitle "playchess.com"]
[Source "ChessBase"]
[SourceQuality "1"]
[TimeControl "5400+30"]

1. e4 e6 2. d4 d5 3. Nd2 c5 4. exd5 Qxd5 5. Ngf3 cxd4 6. Bc4 Qd7 7. O-O Nc6 8. Nb3 a6 9. Re1 Bb4 10. Bd2 Bxd2 11. Qxd2 Nf6 12. Nbxd4 Nxd4 13. Nxd4 O-O 14. Qf4 Nd5 15. Qe5 Rd8 16. Rad1 Qc7 17. Qxc7 Nxc7 18. Nb5 Bd7 19. Nxc7 Rac8 20. Nxe6 Bxe6 21. Bxe6 fxe6 22. c3 Kf7 23. f3 b5 24. Kf2 Kf6 25. Ke2 Ke7 26. Rxd8 Rxd8 27. Rd1 Rc8 28. Ke3 e5 29. Rd3 Ke6 30. b3 g5 31. Ke4 Rc5 32. g4 a5 33. c4 bxc4 34. Rc3 Rd5 35. Rxc4 Kd6 36. Rc8 Rd4+ 37. Ke3 Ke6 38. Re8+ Kf6 39. Ra8 Rd5 40. Ra6+ Kf7 41. Ke4 Rc5 42. Kf5 1-0

[Event "New York Summer IM-C 2022"]
[Site "New York"]
[Date "2022.07.10"]
[Round "6.2"]
[White "Poliannikov, Danila"]
[Black "Asavasaetakul, Chawit"]
[Result "1-0"]
[ECO "B15"]
[WhiteElo "2309"]
[BlackElo "1948"]
[Annotator "RC"]
[PlyCount "79"]
[EventDate "2022.07.08"]
[EventType "tourn"]
[EventCountry "USA"]
[SourceTitle "playchess.com"]
[Source "ChessBase"]
[SourceQuality "1"]
[TimeControl "5400+30"]

1. e4 c6 2. Nc3 g6 3. d4 d5 4. e5 Bg7 5. f4 h5 6. Nf3 Bg4 7. Be2 e6 8. O-O Nd7 9. Be3 Ne7 10. h3 Bxf3 11. Bxf3 Nf5 12. Bf2 h4 13. Ne2 b5 14. c3 a5 15. Qd3 Nb6 16. b3 a4 17. Bg4 Ra7 18. Kh1 Qa8 19. Qd1 Bf8 20. Ng1 Be7 21. Be2 axb3 22. axb3 O-O 23. Bd3 Ra3 24. Bxf5 exf5 25. Nf3 Qa5 26. Bxh4 Bxh4 27. Nxh4 Ra8 28. Rc1 b4 29. g4 bxc3 30. gxf5 c2 31. Rxc2 Qb5 32. fxg6 Ra1 33. gxf7+ Kf8 34. Rc1 Rxc1 35. Qxc1 Qd3 36. Rf3 Qxd4 37. e6 Qe4 38. Qe3 Ra1+ 39. Kh2 Ra2+ 40. Kg3 1-0

[Event "New York Summer IM-C 2022"]
[Site "New York"]
[Date "2022.07.10"]
[Round "6.3"]
[White "Bortnyk, Mykola"]
[Black "Martin Del Campo Cardenas, Roberto Abel"]
[Result "1/2-1/2"]
[ECO "A48"]
[WhiteElo "2463"]
[BlackElo "2245"]
[Annotator "RC"]
[PlyCount "80"]
[EventDate "2022.07.08"]
[EventType "tourn"]
[EventCountry "USA"]
[SourceTitle "playchess.com"]
[Source "ChessBase"]
[SourceQuality "1"]
[TimeControl "5400+30"]

1. d4 Nf6 2. Nf3 g6 3. Nc3 c5 4. g3 cxd4 5. Nxd4 Bg7 6. Bg2 O-O 7. e4 Nc6 8. Nde2 Rb8 9. a4 a6 10. b3 b5 11. axb5 axb5 12. Bb2 b4 13. Nb1 Qb6 14. O-O Ba6 15. Nd2 Rfd8 16. Ra2 Ra8 17. Qa1 Ra7 18. Re1 Rda8 19. Bd4 Nxd4 20. Qxd4 Qxd4 21. Nxd4 Bb7 22. Rxa7 Rxa7 23. e5 Bxg2 24. Kxg2 Nd5 25. Nc4 e6 26. Nb5 Ra2 27. Re2 f6 28. f4 Bf8 29. Nbd6 Bxd6 30. Nxd6 fxe5 31. fxe5 Rxc2 32. Rxc2 Ne3+ 33. Kf2 Nxc2 34. Nb5 Na1 35. Nd4 Kf7 36. Ke2 d6 37. exd6 e5 38. d7 Ke7 39. Nc6+ Kxd7 40. Nxe5+ Ke6 1/2-1/2

[Event "New York Summer IM-C 2022"]
[Site "New York"]
[Date "2022.07.10"]
[Round "6.4"]
[White "Le, Nguyen Khoi Nguyen"]
[Black "Nakada, Akira"]
[Result "0-1"]
[ECO "B12"]
[WhiteElo "2001"]
[BlackElo "2297"]
[Annotator "RC"]
[PlyCount "38"]
[EventDate "2022.07.08"]
[EventType "tourn"]
[EventCountry "USA"]
[SourceTitle "playchess.com"]
[Source "ChessBase"]
[SourceQuality "1"]
[TimeControl "5400+30"]

1. e4 c6 2. d4 d5 3. e5 c5 4. dxc5 e6 5. Be3 Nd7 6. Bb5 Ne7 7. Nf3 Nf5 8. b4 Nxe3 9. fxe3 a5 10. c3 g6 11. O-O Bg7 12. Qd4 O-O 13. e4 Nxe5 14. Nxe5 Qc7 15. Nd2 Bxe5 16. Qe3 axb4 17. Nf3 Bxc3 18. e5 Bxa1 19. Rxa1 Ra5 0-1

[Event "New York Summer IM-C 2022"]
[Site "New York"]
[Date "2022.07.10"]
[Round "6.5"]
[White "Hardaway, Brewington"]
[Black "Adewumi, Tanitoluwa"]
[Result "1/2-1/2"]
[ECO "B48"]
[WhiteElo "2175"]
[BlackElo "2309"]
[Annotator "RC"]
[PlyCount "85"]
[EventDate "2022.07.08"]
[EventType "tourn"]
[EventCountry "USA"]
[SourceTitle "playchess.com"]
[Source "ChessBase"]
[SourceQuality "1"]
[TimeControl "5400+30"]

1. e4 c5 2. Nf3 e6 3. d4 cxd4 4. Nxd4 Nc6 5. Nc3 Qc7 6. Be3 a6 7. g4 b5 8. Nxc6 dxc6 9. Qf3 e5 10. h4 Nf6 11. Rg1 h5 12. gxh5 Nxh5 13. O-O-O g6 14. Kb1 Be7 15. Rh1 Be6 16. Bh3 Qc8 17. Ne2 Bxh3 18. Rxh3 Qe6 19. Rhh1 a5 20. Nc1 Nf6 21. Nd3 O-O-O 22. Bd2 Kb7 23. b3 b4 24. Bg5 Nd7 25. Bxe7 Qxe7 26. h5 gxh5 27. Rxh5 Rxh5 28. Qxh5 Nf6 29. Qf5 Rd4 30. Nc5+ Qxc5 31. Rxd4 Qxd4 32. Qxf6 Qd1+ 33. Kb2 Qd4+ 34. Kb1 Qxe4 35. Qxf7+ Kb6 36. Qf8 Qe1+ 37. Kb2 Qc3+ 38. Kb1 Qc5 39. Qb8+ Ka6 40. Qa8+ Kb6 41. Qb8+ Ka6 42. Qa8+ Kb5 43. Qb8+ 1/2-1/2

[Event "New York Summer IM-C 2022"]
[Site "New York"]
[Date "2022.07.11"]
[Round "7.1"]
[White "Adewumi, Tanitoluwa"]
[Black "Huston, Gus"]
[Result "1/2-1/2"]
[ECO "C54"]
[WhiteElo "2309"]
[BlackElo "2282"]
[Annotator "RC"]
[PlyCount "172"]
[EventDate "2022.07.08"]
[EventType "tourn"]
[EventCountry "USA"]
[SourceTitle "playchess.com"]
[Source "ChessBase"]
[SourceQuality "1"]
[TimeControl "5400+30"]

1. e4 e5 2. Nf3 Nc6 3. Bc4 Bc5 4. O-O Nf6 5. d3 d6 6. c3 a5 7. h3 h6 8. Re1 O-O 9. Bb5 Ne7 10. d4 Ba7 11. Nbd2 Ng6 12. Nf1 c6 13. Bd3 Re8 14. Ng3 Qc7 15. Bd2 Bd7 16. Qc1 Kh7 17. Nf5 Bxf5 18. exf5 Nf8 19. dxe5 dxe5 20. Bc2 Rad8 21. Be3 Bb8 22. Nd2 e4 23. Nf1 N8d7 24. Ng3 c5 25. a4 Nb6 26. Rb1 Nbd5 27. Nf1 Ne7 28. Ng3 Ned5 29. Nf1 Qc8 30. Ng3 b6 31. Rf1 Qc7 32. Re1 Rd7 33. Bb3 Qc6 34. Ra1 c4 35. Bc2 h5 36. Bd4 Bxg3 37. fxg3 e3 38. Qd1 Rde7 39. Qf3 e2 40. g4 hxg4 41. hxg4 Re3 42. Bxe3 Rxe3 43. Qf2 Nxg4 44. Qh4+ Nh6 45. Qd4 Qc5 46. Qxc5 bxc5 47. Bb1 Nf4 48. Ba2 Re4 49. Kf2 Nd3+ 50. Kf3 Rf4+ 51. Ke3 Nxf5+ 52. Kd2 Ng3 53. Bb1 Ne4+ 54. Kxe2 Nxe1 55. g3 Rg4 56. Kxe1 f5 57. Bxe4 Rxe4+ 58. Kf2 Re6 59. Rd1 Rb6 60. Rd2 Kg6 61. Kf3 Kg5 62. Rd5 Rxb2 63. Rxc5 Ra2 64. Rxc4 g6 65. g4 Rh2 66. gxf5 gxf5 67. Rc5 Rh3+ 68. Kg2 Rd3 69. Rc4 f4 70. Rc8 Kf5 71. Kf2 Ke4 72. Rc4+ Ke5 73. Rc5+ Ke4 74. Rc4+ Kf5 75. Rc8 Rh3 76. Ke2 Re3+ 77. Kf2 Ke4 78. Rc4+ Kd3 79. Rxf4 Re2+ 80. Kf3 Ra2 81. c4 Rxa4 82. c5 Ra3 83. Kg2 Ra2+ 84. Rf2 Ra1 85. Rf1 Rxf1 86. Kxf1 a4 1/2-1/2

[Event "New York Summer IM-C 2022"]
[Site "New York"]
[Date "2022.07.11"]
[Round "7.2"]
[White "Nakada, Akira"]
[Black "Hardaway, Brewington"]
[Result "1/2-1/2"]
[ECO "D32"]
[WhiteElo "2297"]
[BlackElo "2175"]
[Annotator "RC"]
[PlyCount "70"]
[EventDate "2022.07.08"]
[EventType "tourn"]
[EventCountry "USA"]
[SourceTitle "playchess.com"]
[Source "ChessBase"]
[SourceQuality "1"]
[TimeControl "5400+30"]

1. c4 e6 2. Nc3 d5 3. e3 Nf6 4. Nf3 c5 5. cxd5 exd5 6. d4 Nc6 7. Be2 a6 8. O-O cxd4 9. Nxd4 Bd6 10. Nxc6 bxc6 11. b3 O-O 12. Bb2 Qc7 13. h3 Bf5 14. Bd3 Be6 15. Rc1 h6 16. Bb1 Rfe8 17. Qd3 Be5 18. f4 Bxc3 19. Qxc3 Rac8 20. Rf3 Red8 21. Qd3 Ne4 22. f5 Bd7 23. f6 g6 24. Rf4 Ng3 25. Qd1 Re8 26. Qf3 Rxe3 27. Qxe3 Qxf4 28. Qxf4 Ne2+ 29. Kf2 Nxf4 30. Be5 Ne6 31. Bd3 c5 32. Bd6 Bb5 33. Bb1 a5 34. h4 Rc6 35. Be7 c4 1/2-1/2

[Event "New York Summer IM-C 2022"]
[Site "New York"]
[Date "2022.07.11"]
[Round "7.3"]
[White "Martin Del Campo Cardenas, Roberto Abel"]
[Black "Le, Nguyen Khoi Nguyen"]
[Result "1-0"]
[ECO "B99"]
[WhiteElo "2245"]
[BlackElo "2001"]
[Annotator "RC"]
[PlyCount "47"]
[EventDate "2022.07.08"]
[EventType "tourn"]
[EventCountry "USA"]
[SourceTitle "playchess.com"]
[Source "ChessBase"]
[SourceQuality "1"]
[TimeControl "5400+30"]

1. e4 c5 2. Nf3 d6 3. d4 cxd4 4. Nxd4 Nf6 5. Nc3 a6 6. Bg5 e6 7. f4 Be7 8. Qf3 Qc7 9. O-O-O Nbd7 10. Bd3 b5 11. Rhe1 Bb7 12. Qg3 O-O-O 13. Bxf6 Bxf6 14. Bxb5 axb5 15. Ndxb5 Bxc3 16. Nxc7 Bxe1 17. Rxe1 Kxc7 18. Qxg7 f5 19. exf5 exf5 20. Re7 Rhe8 21. Qc3+ Kb8 22. Qb4 Nc5 23. Qb6 Ka8 24. b4 1-0

[Event "New York Summer IM-C 2022"]
[Site "New York"]
[Date "2022.07.11"]
[Round "7.4"]
[White "Asavasaetakul, Chawit"]
[Black "Bortnyk, Mykola"]
[Result "0-1"]
[ECO "A47"]
[WhiteElo "1948"]
[BlackElo "2463"]
[Annotator "RC"]
[PlyCount "54"]
[EventDate "2022.07.08"]
[EventType "tourn"]
[EventCountry "USA"]
[SourceTitle "playchess.com"]
[Source "ChessBase"]
[SourceQuality "1"]
[TimeControl "5400+30"]

1. d4 Nf6 2. Nf3 e6 3. Bf4 b6 4. e3 Bb7 5. Nbd2 Be7 6. h3 c5 7. Nc4 cxd4 8. exd4 O-O 9. Be2 b5 10. Ncd2 a6 11. O-O d6 12. a4 b4 13. Bh2 Nc6 14. Bd3 Re8 15. Re1 Bf8 16. Ne4 e5 17. dxe5 dxe5 18. Qe2 Nd5 19. Bc4 f5 20. Ng3 f4 21. Ne4 Na5 22. Ba2 Qb6 23. Rad1 b3 24. cxb3 Bb4 25. Rf1 Ne3 26. Nfd2 Nxd1 27. Nc4 Qg6 0-1

[Event "New York Summer IM-C 2022"]
[Site "New York"]
[Date "2022.07.11"]
[Round "7.5"]
[White "Rozman, Levy"]
[Black "Poliannikov, Danila"]
[Result "1-0"]
[ECO "A34"]
[WhiteElo "2333"]
[BlackElo "2309"]
[Annotator "RC"]
[PlyCount "97"]
[EventDate "2022.07.08"]
[EventType "tourn"]
[EventCountry "USA"]
[SourceTitle "playchess.com"]
[Source "ChessBase"]
[SourceQuality "1"]
[TimeControl "5400+30"]

1. c4 Nf6 2. Nc3 c5 3. Nf3 d5 4. cxd5 Nxd5 5. e3 Nc6 6. Bb5 Ndb4 7. a3 Nd3+ 8. Ke2 Bf5 9. e4 Nf4+ 10. Kf1 Bd7 11. Bxc6 Bxc6 12. d4 cxd4 13. Qxd4 Nd3 14. Ke2 Nxc1+ 15. Raxc1 e6 16. Rhd1 Qxd4 17. Nxd4 Rc8 18. Kf3 Bd7 19. Rd3 Bc5 20. Rcd1 Bxd4 21. Rxd4 Bc6 22. b4 Ke7 23. b5 Be8 24. R1d3 Rc7 25. a4 Bd7 26. e5 f6 27. Rg4 g6 28. exf6+ Kxf6 29. Rgd4 Ke7 30. Ne4 Rf8+ 31. Ke3 Rf5 32. g4 Rd5 33. f4 Rxd4 34. Kxd4 e5+ 35. Kxe5 Bxg4 36. Rc3 Rxc3 37. Nxc3 Bf3 38. a5 b6 39. axb6 axb6 40. Nd5+ Kf8 41. Kd6 Be2 42. Nc3 Bf1 43. Kc6 Kg7 44. Kxb6 Kh6 45. Ne4 Bd3 46. Nf2 Be2 47. Kc5 g5 48. b6 Bf3 49. Ng4+ 1-0

[Event "New York Summer IM-C 2022"]
[Site "New York"]
[Date "2022.07.11"]
[Round "8.1"]
[White "Huston, Gus"]
[Black "Poliannikov, Danila"]
[Result "0-1"]
[ECO "C47"]
[WhiteElo "2282"]
[BlackElo "2309"]
[Annotator "ChessBase"]
[PlyCount "96"]
[EventDate "2022.07.08"]
[EventType "tourn"]
[EventCountry "USA"]
[SourceTitle "playchess.com"]
[Source "ChessBase"]
[SourceQuality "1"]
[TimeControl "5400+30"]

1. e4 e5 2. Nf3 Nc6 3. Nc3 Nf6 4. d4 exd4 5. Nxd4 Bb4 6. Nxc6 bxc6 7. Bd3 d5 8. exd5 O-O 9. O-O cxd5 10. h3 c6 11. Qf3 Rb8 12. Bf4 Bd6 13. b3 Re8 14. Rfe1 Rxe1+ 15. Rxe1 Be6 16. Ne2 c5 17. c3 Qc7 18. Bc2 Bxf4 19. Nxf4 Qd6 20. Rd1 Rd8 21. Qe3 Re8 22. Qc1 g6 23. Bd3 Kg7 24. Bf1 Qc7 25. g3 h5 26. Bg2 h4 27. g4 Qe5 28. Re1 Qd6 29. Qd2 Rd8 30. b4 cxb4 31. Qd4 Qb6 32. Qe5 Qd6 33. Nh5+ gxh5 34. Qg5+ Kh7 35. Qxf6 bxc3 36. Bf1 Kg8 37. Re5 Bxg4 38. Re8+ Rxe8 39. Qxd6 c2 40. Qc6 Rc8 41. Qxd5 c1=Q 42. hxg4 hxg4 43. Qf5 Rc6 44. Kg2 h3+ 45. Kh2 Qxf1 46. Qg5+ Rg6 47. Qd8+ Kh7 48. Qh4+ Kg7 0-1

[Event "New York Summer IM-C 2022"]
[Site "New York"]
[Date "2022.07.11"]
[Round "8.2"]
[White "Bortnyk, Mykola"]
[Black "Rozman, Levy"]
[Result "1-0"]
[ECO "E04"]
[WhiteElo "2463"]
[BlackElo "2333"]
[Annotator "ChessBase"]
[PlyCount "109"]
[EventDate "2022.07.08"]
[EventType "tourn"]
[EventCountry "USA"]
[SourceTitle "playchess.com"]
[Source "ChessBase"]
[SourceQuality "1"]
[TimeControl "5400+30"]

1. d4 Nf6 2. Nf3 d5 3. c4 e6 4. g3 dxc4 5. Bg2 a6 6. a4 Nc6 7. O-O Rb8 8. Na3 Bxa3 9. Rxa3 O-O 10. Bg5 h6 11. Bh4 b5 12. e4 b4 13. Re3 g5 14. Nxg5 Qxd4 15. Qxd4 Nxd4 16. Nf3 Nxf3+ 17. Bxf3 Kg7 18. e5 Nd7 19. Be2 c3 20. bxc3 b3 21. Rb1 Bb7 22. Rxb3 Bc6 23. Rb4 Rxb4 24. cxb4 Bxa4 25. Bxa6 Rb8 26. Be7 Re8 27. Bc5 Ra8 28. Bf1 Nxc5 29. bxc5 Bc6 30. Re1 Ra2 31. Rc1 Rd2 32. h3 Kg6 33. g4 Kg7 34. f4 Kg6 35. Ra1 Bd5 36. Ra3 Rd4 37. Bd3+ Be4 38. Bxe4+ Rxe4 39. Ra7 Rxf4 40. Rxc7 Re4 41. c6 Rxe5 42. Rc8 Rc5 43. h4 Kf6 44. Kf2 Rc4 45. Kf3 Kg7 46. Ke3 f5 47. Kd3 Rc1 48. Rc7+ Kf6 49. g5+ Kg6 50. gxh6 Kxh6 51. Kd4 Kh5 52. Rc8 Kg4 53. h5 Kg5 54. c7 Kf4 55. h6 1-0

[Event "New York Summer IM-C 2022"]
[Site "New York"]
[Date "2022.07.11"]
[Round "8.3"]
[White "Le, Nguyen Khoi Nguyen"]
[Black "Asavasaetakul, Chawit"]
[Result "0-1"]
[ECO "B12"]
[WhiteElo "2001"]
[BlackElo "1948"]
[Annotator "ChessBase"]
[PlyCount "108"]
[EventDate "2022.07.08"]
[EventType "tourn"]
[EventCountry "USA"]
[SourceTitle "playchess.com"]
[Source "ChessBase"]
[SourceQuality "1"]
[TimeControl "5400+30"]

1. e4 c6 2. d4 d5 3. e5 g6 4. Nf3 h5 5. c4 Bg4 6. h3 Bxf3 7. Qxf3 e6 8. a3 dxc4 9. Be3 b5 10. Nc3 Qa5 11. Bd2 Qb6 12. Ne4 a5 13. Be2 Nd7 14. O-O Qxd4 15. Bc3 Qb6 16. Rfd1 Nh6 17. Qf6 Rg8 18. Qg5 Nf5 19. Qd2 Ra7 20. Qxd7+ Rxd7 21. Nf6+ Kd8 22. Nxd7 Qc7 23. Nf6+ Kc8 24. Nxg8 Bc5 25. Nf6 Bxf2+ 26. Kxf2 Qb6+ 27. Ke1 Qg1+ 28. Kd2 Qe3+ 29. Kc2 Qxe2+ 30. Rd2 Qe3 31. Rad1 b4 32. axb4 axb4 33. Rd8+ Kb7 34. R1d7+ Kb6 35. Rb8+ Ka6 36. Rxb4 Qg1 37. Bd2 Nd4+ 38. Kc3 Nb5+ 39. Kxc4 Qd1 40. Kd3 c5 41. Rf4 Nd4 42. Rfxd4 cxd4 43. Rxd4 Qf1+ 44. Kc2 Qxg2 45. h4 Qf2 46. Re4 g5 47. hxg5 h4 48. Rf4 Qc5+ 49. Bc3 h3 50. Nd7 Qg1 51. Rb4 Qg2+ 52. Kb1 h2 53. Nb8+ Ka7 54. Bd4+ Ka8 0-1

[Event "New York Summer IM-C 2022"]
[Site "New York"]
[Date "2022.07.11"]
[Round "8.4"]
[White "Hardaway, Brewington"]
[Black "Martin Del Campo Cardenas, Roberto Abel"]
[Result "1-0"]
[ECO "B92"]
[WhiteElo "2175"]
[BlackElo "2245"]
[Annotator "ChessBase"]
[PlyCount "203"]
[EventDate "2022.07.08"]
[EventType "tourn"]
[EventCountry "USA"]
[SourceTitle "playchess.com"]
[Source "ChessBase"]
[SourceQuality "1"]
[TimeControl "5400+30"]

1. e4 c5 2. Nf3 d6 3. d4 cxd4 4. Nxd4 Nf6 5. Nc3 a6 6. Be2 e5 7. Nb3 Be7 8. Be3 O-O 9. g4 Be6 10. g5 Nfd7 11. h4 Nb6 12. Nd5 Bxd5 13. exd5 Na4 14. c3 Nxb2 15. Qc2 Na4 16. Bd3 Kh8 17. Bxh7 Nxc3 18. Bd3 Nxd5 19. Qd1 Kg8 20. Qh5 g6 21. Bxg6 fxg6 22. Qxg6+ Kh8 23. Qh6+ Kg8 24. Qe6+ Kh8 25. Qxd5 Qc8 26. Rc1 Nc6 27. Qg2 Qf5 28. O-O d5 29. f4 d4 30. fxe5 Qxe5 31. Bf2 Bd6 32. Rce1 Qg7 33. Re6 Rad8 34. Qg4 Kg8 35. Qh5 Ne5 36. Bxd4 Rxf1+ 37. Kxf1 Qf7+ 38. Qxf7+ Nxf7 39. g6 Nh6 40. Bf6 Rf8 41. g7 Rxf6+ 42. Rxf6 Nf7 43. Rg6 Bf4 44. Nd4 Nh6 45. Ne6 Bc1 46. Rf6 Nf7 47. Rf2 Bh6 48. h5 b5 49. Rc2 Kh7 50. Rc7 Nd6 51. Rc6 Nf5 52. Rxa6 Ng3+ 53. Kg2 Nxh5 54. Rb6 Nxg7 55. Nxg7 Kxg7 56. Rxb5 Kf7 57. Kf3 Ke7 58. Ke4 Kd7 59. Kd5 Kc7 60. Kc4 Kc6 61. Rf5 Be3 62. Rf6+ Kb7 63. Kb5 Ba7 64. Rf7+ Ka8 65. Kc6 Bb8 66. Rf3 Ba7 67. Kb5 Bb8 68. Ka6 Be5 69. Rf8+ Bb8 70. Rf7 Be5 71. Ra7+ Kb8 72. Re7 Bd4 73. Re8+ Kc7 74. Re4 Bf2 75. Re7+ Kb8 76. Rb7+ Ka8 77. Rb5 Bg1 78. Rg5 Ba7 79. Rg8+ Bb8 80. Rg7 Be5 81. Ra7+ Kb8 82. Rd7 Ka8 83. Kb6 Bg3 84. Rd3 Bf2+ 85. Kc7 Bg1 86. Rh3 Bd4 87. Rh4 Bf2 88. Rg4 Be3 89. Re4 Bf2 90. Rb4 Be3 91. Rb8+ Ka7 92. Re8 Bb6+ 93. Kc8 Ka8 94. Kd7+ Kb7 95. Re4 Bf2 96. Rb4+ Ka8 97. Kc8 Be3 98. Rb8+ Ka7 99. Rb3 Bc5 100. Kc7 Ka8 101. Rb8+ Ka7 102. Rb5 1-0